 Dungeon Crawl Stone Soup version 0.28.0-43-g3370ac3207 (webtiles) character file.

Game seed: 16657157641904016999

142 funkygono the Bolt Thrower (level 5, -1/32 HPs)
             Began as a Gargoyle Hunter on Mar 7, 2022.
             Slain by Pargi (2 damage)
             ... in a sewer.
             The game lasted 00:04:32 (2791 turns).

funkygono the Bolt Thrower (Gargoyle Hunter)        Turns: 2791, Time: 00:04:32

Health: -1/32      AC: 14    Str: 18    XL:     5   Next: 24%
Magic:  5/5        EV:  5    Int: 11    God:
Gold:   117        SH:  0    Dex: 10    Spells: 4/4 levels left

rFire   + . .      SeeInvis .   m - +0 whip
rCold   + . .      Faith    .   (no shield)
rNeg    + . .      Spirit   .   h - +0 plate armour
rPois   ∞          Reflect  .   (no helmet)
rElec   +          Harm     .   (no cloak)
rCorr   +          Rampage  .   (no gloves)
Will    .....                   (no boots)
Stlth   ..........              (no amulet)
HPRegen 0.10/turn               (no ring)
MPRegen 0.09/turn               (no ring)

@: resistant
A: sickness immunity, AC +4, negative energy resistance 1, electricity
resistance, torment resistance 1, petrification resistance
a: no special abilities


You were in a sewer.
You visited 1 branch of the dungeon, and saw 3 of its levels.
You also visited: Sewer.

You collected 117 gold pieces.

Inventory:

Hand Weapons
 b - a +1 hand crossbow
 m - a +0 whip (weapon)
Missiles
 d - 13 bolts
Armour
 c - a +0 leather armour
 h - a +0 plate armour (worn)
Magical Staves
 g - a staff of conjuration
Jewellery
 e - a ring of ice
 j - an amulet of faith
Scrolls
 a - a scroll of brand weapon {unknown}
 i - a scroll of teleportation {unknown}
 k - a scroll of silence {unknown}
 l - 2 scrolls of identify {unknown}
 n - a scroll of enchant armour {unknown}


   Skills:
 + Level 3.2 Fighting
 + Level 1.8 Maces & Flails
 + Level 5.0 Crossbows
 + Level 2.0 Armour
 + Level 1.7 Dodging
 + Level 1.1 Stealth


You had 4 spell levels left.
You didn't know any spells.
Your spell library was empty.

Dungeon Overview and Level Annotations

Branches:
Dungeon (3/15)              Sewer (1/1)

Altars:
Fedhas

Annotations:
Sewer Pargi


Innate Abilities, Weirdness & Mutations

You are immune to sickness and miasma.
Your stone body is resilient. (AC +4)
You are immune to poison.
You resist negative energy. (rN+)
You are resistant to electric shocks. (rElec)
You are resistant to unholy torment.
You are immune to petrification.


Message History

Pargi bites you but does no damage. Pargi claws you but does no damage.
Pargi claws you.
You closely miss Pargi.
Pargi is moderately wounded.
Pargi closely misses you. Pargi claws you but does no damage.
Pargi barely misses you.
You hit Pargi but do no damage.
Pargi is moderately wounded.
Pargi bites you but does no damage. Pargi barely misses you. Pargi claws you.
* * * LOW HITPOINT WARNING * * *
You whack Pargi!
Pargi is heavily wounded.
Pargi bites you.
* * * LOW HITPOINT WARNING * * *
Pargi claws you but does no damage. x2
There is an empty arch of ancient stone here.
You enter the shallow water.
Moving in this stuff is going to be slow.
Pargi barely misses you. x2; Pargi claws you but does no damage.
It was a potion of resistance.
You feel protected.
You hit Pargi.
Pargi is moderately wounded.
Pargi barely misses you. Pargi claws you but does no damage. x2
You closely miss Pargi.
Pargi is moderately wounded.
Pargi bites you.
* * * LOW HITPOINT WARNING * * *
Pargi barely misses you. Pargi claws you but does no damage.
You hit Pargi.
Pargi is moderately wounded.
Pargi bites you but does no damage. Pargi claws you but does no damage. x2
You closely miss Pargi.
Pargi is moderately wounded.
Pargi bites you but does no damage. Pargi barely misses you. Pargi claws you.
* * * LOW HITPOINT WARNING * * *
You barely miss Pargi.
Pargi is moderately wounded.
Pargi bites you but does no damage. Pargi claws you.
You die...

+.≈≈≈.+
#.≈≈≈.#
#.≈≈≈.#
+.≈≈≈.+
#.≈≈≈.#
####.≈≈≈.####
#∩....∩..'.$#
####.T≈≈.####
#@≈≈≈.#
+.≈≈≈.+
#.≈≈≈.#
#.≈≈≈.#
+.≈≈≈.+
#.≈≈≈.#
#.≈≈≈.#
+.≈≈≈.+


You could see Pargi.

Vanquished Creatures
  4 gnolls (D:2)
  4 adders
  A worm (D:3)
  7 endoplasms
  2 giant cockroaches (D:1)
  4 goblins
  4 hobgoblins
  2 jackals (D:1)
  6 quokkas
  9 ball pythons
  6 frilled lizards
  9 kobolds
  8 rats
66 creatures vanquished.

Vanquished Creatures (others)
  2 plants (D:1)
2 creatures vanquished.

Grand Total: 68 creatures vanquished

Notes
Turn   | Place    | Note
-------+----------+-------------------------------------------
     0 | D:1      | funkygono the Gargoyle Hunter began the quest for the Orb.
     0 | D:1      | Reached XP level 1. HP: 12/12 MP: 1/1
   139 | D:1      | Reached XP level 2. HP: 17/17 MP: 2/2
   914 | D:1      | Reached XP level 3. HP: 22/22 MP: 3/3
   914 | D:1      | Found a faded altar of an unknown god.
  1455 | D:2      | Found a blossoming altar of Fedhas.
  1514 | D:2      | Reached skill level 5 in Crossbows
  1514 | D:2      | Reached XP level 4. HP: 12/27 MP: 4/4
  1766 | D:2      | Reached skill level 1 in Armour
  1835 | D:2      | Reached skill level 1 in Maces & Flails
  2617 | D:3      | Reached XP level 5. HP: 27/32 MP: 5/5
  2676 | D:3      | Found a glowing drain.
  2684 | Sewer    | Entered a sewer
  2756 | Sewer    | Noticed Pargi
  2790 | Sewer    | HP: 1/32 [Pargi (1)]
  2791 | Sewer    | Slain by Pargi

Illustrated notes

Levels and vault maps discovered:
D:1:      wander_arrival_fairy_ring, layout_basic,
          dreamdust_ecumenical_altar_grove
D:2:      layout_loops_ring, basic_altar
D:3:      layout_basic, nicolae_elyvilon_temple_path, gup_sewer_entry_bubbles,
          hangedman_decor_clover_reticule, dk_noncrumbling_4,
          uniq_crazy_yiuf_cottage
Sewer:    kennysheep_door_sewer

Skill      XL: |  1  2  3  4  5 |
---------------+----------------+-----
Crossbows      | 5 |  5.0
Armour         | 1 2 |  2.0
Maces & Flails | 1 |  1.8
Fighting       | 3 |  3.2
Dodging        | |  1.7
Stealth        | |  1.1

Action                   |  1- 3 |  4- 6 || total
-------------------------+-------+-------++-------
Melee: Short sword       |    12 |       ||    12
       Club              |    67 |     3 ||    70
       Punch             |     1 |     1 ||     2
       Whip              |       |   183 ||   183
 Fire: Hand crossbow     |    35 |       ||    35
  Use: Potion            |       |     1 ||     1
Armor: Leather armour    |     5 |       ||     5
       Plate armour      |    58 |   179 ||   237
Dodge: Dodged            |    23 |    64 ||    87
